 Dungeon Crawl Stone Soup version 0.32-a0-292-g751ec8d2e7 (console) character file.

Game seed: 14656611084669187606

7 LMSNoise the Vexing (level 2, 16/16 HPs)
             Began as a Kobold Hexslinger on Feb 13, 2024.
             Quit the game on level 1 of the Dungeon on Feb 14, 2024.
             The game lasted 00:01:39 (191 turns).

LMSNoise the Vexing (Kobold Hexslinger)              Turns: 191, Time: 00:01:40

Health: 16/16      AC:  2    Str:  5    XL:     2   Next: 10%
Magic:  3/3        EV: 15    Int: 14    God:
Gold:   12         SH:  0    Dex: 17    Spells: 3/3 levels left

rFire   . . .        a - +1 sling
rCold   . . .        (no shield)
rNeg    . . .        c - +0 robe
rPois   .            (no helmet)
rElec   .            (no cloak)
rCorr   .            (no gloves)
SInv    .            (no boots)
Will    .....        (no amulet)
Stlth   +++          (no ring)
HPRegen 0.22/turn    (no ring)
MPRegen 0.08/turn

%: no passive effects
@: no status effects
A: small, no large weapons, nightstalker 3
a: no special abilities


You were on level 1 of the Dungeon.
You visited 1 branch of the dungeon, and saw 1 of its levels.

You collected 12 gold pieces.

Inventory:

Hand Weapons
 a - a +1 sling (weapon)
Armour
 c - a +0 robe (worn)
Scrolls
 b - a scroll of poison
 d - a scroll of vulnerability {unknown}
 e - a scroll of identify {unknown}


   Skills:
 + Level 1.3 Fighting
 - Level 2.9 Ranged Weapons
 - Level 2.5 Dodging
 - Level 1.2 Spellcasting
 - Level 3.0 Hexes
 - Level 1.1 Fire Magic


You had 3 spell levels left.
You didn't know any spells.
Your spell library contained the following spells:

 Spells                   Type           Power      Damage    Failure   Level
 Jinxbite                 Hex            18%        N/A       11%         2
 Ensorcelled Hibernation  Hex/Ice        10%        N/A       21%         2
 Sigil of Binding         Hex            9%         N/A       22%         3
 Inner Flame              Hex/Fire       6%         N/A       32%         3
 Fugue of the Fallen      Necr           0%         N/A       61%         3
 Cause Fear               Hex            4%         N/A       58%         4
 Anguish                  Hex/Necr       2%         N/A       80%         4
 Dimensional Bullseye     Hex/Tloc       2%         N/A       80%         4


Dungeon Overview and Level Annotations

Branches:
Dungeon (1/15)

Altars:

Shops:
D:1 *


Innate Abilities, Weirdness & Mutations

You are small and have problems with some larger weapons.
You are completely attuned to the shadows.


Message History

There is a stone staircase leading down here.
Key pressed, stopping explore.
d - a scroll labelled FOMUOMO QEIDE
There is an open door here.
You see here a +0 chain mail.
You open the door.
There is an open door here.
You open the door. 2 jackals come into view.
Press: ? - help, . - travel You can't see that place. [a tree.]
The jackal barks!
You hear a bark!
Okay, then.
You shoot a sling bullet. The sling bullet hits the jackal.
You kill the jackal!
You shoot a sling bullet.
The sling bullet barely misses the jackal.
The jackal pauses to sniff the ground.
The jackal bites you.
You shoot a sling bullet. The sling bullet hits the jackal.
You kill the jackal!
Found a hand axe.
You see here a +0 hand axe.
You see here a +0 hand axe.
You see here a jackal corpse.
You see here a jackal corpse.
Unknown command.
Saving game... please wait.
Welcome back, LMSNoise the Kobold Hexslinger.
Press ? for a list of commands and other information.
You see here a jackal corpse.
You see here a jackal corpse.
e - a scroll labelled OFUDEY JAOCW An endoplasm comes into view.
You shoot a sling bullet. The sling bullet hits the endoplasm.
You kill the endoplasm!
A bat comes into view.
A quokka comes into view.
You have reached level 2!
Are you sure you want to abandon this character and quit the game? (Confirm with "yes".)

..................
####.#####........ #.#
#.#...... #.#
#.####### #.# ##'#
##########+#.# ....
#............###.....
#.....................
#....)......†..#....
#............#.#####
#........@####...
#............#....
#.......b....#....
.........# ..r..####


You could see a quokka and a bat (wandering).

Vanquished Creatures
  An endoplasm (D:1)
  2 jackals (D:1)
  A kobold (D:1)
4 creatures vanquished.

Notes
Turn   | Place    | Note
-------+----------+-------------------------------------------
     0 | D:1      | LMSNoise the Kobold Hexslinger began the quest for the Orb.
     0 | D:1      | Reached XP level 1. HP: 12/12 MP: 2/2
     5 | D:1      | Upgraded the game from 0.32-a0-290-g598725c5f2 to
                  | 0.32-a0-292-g751ec8d2e7
    27 | D:1      | Found Xytuate's General Store.
   191 | D:1      | Reached XP level 2. HP: 16/16 MP: 3/3
   191 | D:1      | Quit the game

Illustrated notes

Levels and vault maps discovered:
D:1:      tarquinn_simple_flora_water_e, layout_basic, serial_shops,
          shop_fountains, shop, shop, shop, shop,
          hellmonk_ecumenical_altar_arch_garden, nicolae_titane

Action                     || total
---------------------------++-------
   Fire: Sling             ||     6
 Armour: Robe              ||     1

Table legend: (Time is in decaauts)
 A = Elapsed time spent in this place.
 B = Non-inter-level travel time spent in this place.
 C = Inter-level travel time spent in this place.
 D = Time resting spent in this place.
 E = Time spent auto-exploring this place.
 F = Levels seen in this place.
 G = Mean time per level.
                   A        B        C        D        E       F      G
               +--------+--------+--------+--------+--------+-----+--------+
         Total |    192 |    192 |      0 |      0 |    132 |   1 |  192.0 |
       Dungeon |    192 |    192 |      0 |      0 |    132 |   1 |  192.0 |
               +--------+--------+--------+--------+--------+-----+--------+

Top non-repeatable levels by time:
     D:1: 192 daAuts
